 Dungeon Crawl Stone Soup version 0.27-a0-1149-g4505690ab0 (webtiles) character file.

Game seed: 6932242358600430747

59 Sobieck the Chopper (level 4, -3/35 HPs)
             Began as a Formicid Fighter on May 13, 2021.
             Slain by a scorpion (5 damage)
             ... on level 3 of the Dungeon.
             The game lasted 00:02:48 (1145 turns).

Sobieck the Chopper (Formicid Fighter)              Turns: 1145, Time: 00:02:49

Health: -3/35      AC:  8    Str: 21    XL:     4   Next: 22%
Magic:  4/4        EV:  8    Int:  8    God:
Gold:   34         SH:  9    Dex: 10    Spells: 3/3 levels left

rFire    . . .     SeeInvis +   a - +0 war axe {axe}
rCold    + . .     Faith    .   c - +0 kite shield
rNeg     . . .     Spirit   .   b - +0 scale mail
rPois    .         Reflect  .   (helmet unavailable)
rElec    .         Harm     .   (no cloak)
rCorr    .         Rampage  .   (no gloves)
Will     .....                  h - +0 pair of boots
Stlth    ..........             (no amulet)
HPRegen  0.11/turn              j - ring of protection from cold
MPRegen  0.09/turn              (no ring)

@: lethally poisoned (-3 -> -30)
A: permanent stasis, dig shafts and tunnels, antennae 3, four strong arms
a: Dig, Shaft Self


You were on level 3 of the Dungeon.
You visited 1 branch of the dungeon, and saw 4 of its levels.

You collected 34 gold pieces.


Innate Abilities, Weirdness & Mutations

You cannot be hasted, slowed, berserked, paralysed or teleported.
You can dig through walls and to a lower floor.
You have a pair of large antennae on your head. (SInv)
Your four strong arms can wield two-handed weapons with a shield.


   Skills:
 - Level 3.2 Fighting
 + Level 4.2 Axes
 - Level 3.2 Armour
 - Level 3.6 Shields


You had 3 spell levels left.
You didn't know any spells.
Your spell library was empty.

Inventory:

Hand Weapons
 a - a +0 war axe (weapon) {axe}
 i - a +0 hunting sling {sling}
   (You found it on level 2 of the Dungeon)
Missiles
 f - 25 stones {throwing}
Armour
 b - a +0 scale mail (worn)
 c - a +0 kite shield (worn)
 h - a +0 pair of boots (worn)
   (You found it on level 2 of the Dungeon)
Jewellery
 j - a ring of protection from cold (left hand)
   (You found it on level 2 of the Dungeon)
Scrolls
 g - a scroll of fear {unknown}
 k - a scroll of teleportation {unknown}
Potions
 d - a potion of might
 e - a potion of mutation {unknown}

Dungeon Overview and Level Annotations

Branches:
Dungeon (4/15)
 Temple: D:4-7

Altars:

Annotations:
D:2 exclusion: downstairs

#.# .. ..# #. #.#
#.##.## # ......
.# # #.
#.###.##.##. #.
#>.........
#.##.#.#.##.##.
#.@s...........
####.#.........
#.#......##
#.#...####
#.....# ###.#.# .
#.#.#
...###.#.#####.#
................#


You could see a scorpion.


Message History

You start resting. 😎 HP[+20]
Your hp is fully restored (35).
You climb downwards.
The ogre barely misses you. The ogre closely misses you.
There is a stone staircase leading up here.
You climb upwards.
Level annotation: exclusion: downstairs
There is a stone staircase leading down here.
The ogre hits you with a +0 giant club. 😕 HP[-5]
You take 5 damage, and now have 30/35 hp. 😕 HP[+1] 😕 HP[+1]
There is a stone staircase leading up here.
The ogre hits you with a +0 giant club!
You climb upwards.
There is a stone staircase leading down here. 😮 HP[-10]
You take 10 damage, and now have 22/35 hp.
MASSIVE DAMAGE!! (PAUSE) 😮 HP[+1]
The ogre hits you with a +0 giant club!
* * * LOW HITPOINT WARNING * * *
😱 HP[-16]
You take 16 damage, and now have 7/35 hp.
MASSIVE DAMAGE!! (PAUSE) 😱 HP[+1] Are you sure you want to shaft yourself?
You block the ogre's attack.
You begin to dig a shaft.
You continue digging a shaft.
A shaft appears beneath you!
You fall into a shaft and drop 1 floor!
The shaft crumbles and collapses.
Level annotation: exclusion: downstairs A worm and an endoplasm come into view.
The endoplasm quivers.
The endoplasm freezes you.
You are frozen.
You resist. You block the endoplasm's attack.
You slash the endoplasm!
You kill the endoplasm!
You hit the worm. The worm barely misses you. You block the worm's attack.
You hit the worm. The worm barely misses you. 😨 HP[+1]
You hit the worm. You slash the worm!
You kill the worm!
You start resting. 😎 HP[+26]
Your hp is fully restored (35).
k - a scroll labelled NOLYFOHAZXI
(D) Dungeon
Where to? (Enter - D:4, ? - help)
You see here a +0 club {mace}.
There is a stone staircase leading down here.
You climb downwards.
There is a stone staircase leading up here.
There is a stone staircase leading down, spattered with blood here.
You climb downwards.
The scorpion stings you.
You are poisoned.
The scorpion poisons you!
The howler monkey skeleton hits you but does no damage.
The scorpion barely misses you.
There is a stone staircase leading up, spattered with blood here. 😕 HP[-4]
You take 4 damage, and now have 31/35 hp.
You feel sick.
The howler monkey skeleton barely misses you.
The scorpion stings you but does no damage.
You climb upwards.
You feel sick.
There is a stone staircase leading down, spattered with blood here. 😕 HP[-4]
You take 4 damage, and now have 27/35 hp.
You hit the scorpion but do no damage.
You feel sick. The scorpion stings you.
You are more poisoned.
The scorpion poisons you!
The scorpion barely misses you. 😮 HP[-5]
You take 5 damage, and now have 22/35 hp.
You feel very sick. 😮 HP[-3]
You take 3 damage, and now have 19/35 hp.
You feel sick. 😨 HP[-2]
You take 2 damage, and now have 17/35 hp.
You feel sick. 😨 HP[-1]
You take 1 damage, and now have 16/35 hp.
Are you sure you want to shaft yourself?
You feel sick. The scorpion stings you.
* * * LOW HITPOINT WARNING * * *
You are lethally poisoned!
The scorpion poisons you! The scorpion stings you.
* * * LOW HITPOINT WARNING * * *
You are more poisoned.
The scorpion poisons you!
You begin to dig a shaft.
You continue digging a shaft.
* * * LOW HITPOINT WARNING * * *
You feel extremely sick. The scorpion stings you.
You die...

Skill      XL: |  1  2  3 |
---------------+----------+-----
Axes           | 3 4 |  4.2
Fighting       | |  3.2
Armour         | |  3.2
Shields        | |  3.6

Action                   |  1- 3 |  4- 6 || total
-------------------------+-------+-------++-------
Melee: War axe           |    80 |    14 ||    94
 Abil: Shaft Self        |     1 |     2 ||     3
Armor: Scale mail        |    54 |     3 ||    57
Dodge: Dodged            |    26 |    11 ||    37
Block: Kite shield       |    48 |    10 ||    58

Levels and vault maps discovered:
D:1:      dpeg_arrival_lava_altar, layout_basic,
          shapermc_ecumenical_altar_mp_ritualfount
D:2:      layout_rooms, minmay_tetromino_i2
D:3:      layout_basic, nicolae_overflow_hidden_temple, minmay_strange_pillars,
          minmay_fountain_box, minivault_23
D:4:      layout_basic, lemuel_doored_altar, nzn_hepliaklqana_mist_gate,
          minmay_temple_entry_drinking_statues

Notes
Turn   | Place    | Note
-------+----------+-------------------------------------------
     0 | D:1      | Sobieck the Formicid Fighter began the quest for the Orb.
     0 | D:1      | Reached XP level 1. HP: 18/18 MP: 1/1
     0 | D:1      | magus.rc [v1.9.6]
    32 | D:1      | You fall into a shaft and drop 1 floor!
    51 | D:2      | Reached XP level 2. HP: 19/24 MP: 2/2
   211 | D:2      | Reached skill level 3 in Axes
   237 | D:2      | Reached XP level 3. HP: 23/29 MP: 3/3
   320 | D:3      | Noticed a scorpion
   522 | D:4      | Noticed an ogre
   528 | D:3      | Reached skill level 4 in Axes
   528 | D:3      | Reached XP level 4. HP: 29/35 MP: 4/4
   593 | D:4      | Noticed a scorpion
   842 | D:1      | HP: 7/35 [ogre/+0 giant club (16)]
   852 | D:1      | You fall into a shaft and drop 1 floor!
  1145 | D:3      | HP: 2/35 [poisoned by a scorpion]
  1145 | D:3      | Slain by a scorpion

Vanquished Creatures
  3 adders
  A worm (D:2)
  A dart slug (D:2)
  An orc (D:2)
  An endoplasm (D:2)
  A giant cockroach (D:2)
  A goblin (D:2)
  A hobgoblin (D:2)
  4 jackals (D:2)
  3 kobolds (D:2)
  2 quokkas
  2 ball pythons (D:2)
  A bat (D:2)
  A frilled lizard (D:2)
  2 rats
25 creatures vanquished.

Table legend:
 A = Non-vault XP
 B = Vault XP
 C = Vault XP percentage of total XP
 D = Non-vault monster count
 E = Vault monster count
 F = Vault count percentage of total count
                 A         B        C        D         E       F
            +---------+---------+-------+---------+---------+-------
      Total |      82 |       3 |   3.5 |      23 |       2 |   8.0
            +---------+---------+-------+---------+---------+-------
        D:1 |       2 |       0 |   0.0 |       1 |       0 |   0.0
        D:2 |      66 |       3 |   4.3 |      20 |       2 |   9.1
        D:3 |      14 |       0 |   0.0 |       2 |       0 |   0.0
            +---------+---------+-------+---------+---------+-------

Illustrated notes

Table legend:
 A = Kills in this place as a percentage of kills in entire the game.
 B = Kills by you in this place as a percentage of kills by you in the entire game.
 C = Kills by friends in this place as a percentage of kills by friends in the entire game.
 D = Other kills in this place as a percentage of other kills in the entire game.
 E = Experience gained in this place as a percentage of experience gained in the entire game.
 F = Experience gained in this place divided by the number of levels of this place that you have seen.
                   A       B       C       D       E      F
               +-------+-------+-------+-------+-------+----------------------
         Total | 100.0 | 100.0 |   N/A |   N/A | 100.0 |  21.2
       Dungeon | 100.0 | 100.0 |   N/A |   N/A | 100.0 |  21.2
               +-------+-------+-------+-------+-------+----------------------

Table legend: (Time is in decaauts)
 A = Elapsed time spent in this place.
 B = Non-inter-level travel time spent in this place.
 C = Inter-level travel time spent in this place.
 D = Time resting spent in this place.
 E = Time spent auto-exploring this place.
 F = Levels seen in this place.
 G = Mean time per level.
                   A        B        C        D        E       F      G
               +--------+--------+--------+--------+--------+-----+--------+
         Total |   1202 |   1176 |     26 |    612 |    120 |   4 |  300.5 |
       Dungeon |   1202 |   1176 |     26 |    612 |    120 |   4 |  300.5 |
               +--------+--------+--------+--------+--------+-----+--------+

Top non-repeatable levels by time:
     D:2: 973 daAuts
     D:3: 161 daAuts
     D:1: 61 daAuts
     D:4: 6 daAuts
